 Dungeon Crawl Stone Soup version 0.29-a0-506-ga2e7fffb44 (webtiles) character file.

Game seed: 15608813338227231385

3516 Pelinal the Cleaver (level 10, -5/80 HPs)
             Began as a Hill Orc Fighter on May 29, 2022.
             Was a Believer of Nemelex Xobeh.
             Slain by a large slime creature (8 damage)
             ... on level 8 of the Dungeon.
             The game lasted 00:12:52 (8910 turns).

Pelinal the Cleaver (Hill Orc Fighter)              Turns: 8910, Time: 00:12:53

Health: -5/80      AC: 11    Str: 22    XL:     10   Next: 8%
Magic:  0/17       EV:  8    Int:  8    God:    Nemelex Xobeh [**....]
Gold:   258        SH:  7    Dex: 12    Spells: 9/9 levels left

rFire   . . .      SeeInvis .   a - +0 war axe
rCold   + + .      Faith    .   C - +2 buckler {rC+}
rNeg    . . .      Spirit   +   D - +0 chain mail {rC+}
rPois   .          Reflect  .   (no helmet)
rElec   .          Harm     .   g - +0 cloak
rCorr   .          Rampage  .   (no gloves)
Will    .....                   u - +0 pair of boots
Stlth   ..........              I - amulet of guardian spirit
HPRegen 0.23/turn               (no ring)
MPRegen 0.15/turn               (no ring)

@: about to teleport, studying Throwing
A: no striking features
a: Renounce Religion, Draw Escape, Draw Destruction, Draw Summoning


You were on level 8 of the Dungeon.
You worshipped Nemelex Xobeh.
Nemelex Xobeh was pleased with you.
You visited 2 branches of the dungeon, and saw 9 of its levels.

You collected 338 gold pieces.
You spent 80 gold pieces at shops.

Inventory:

Hand Weapons
 a - a +0 war axe (weapon)
 q - a +1 hand axe of flaming
Missiles
 h - 5 atropa-tipped darts
 i - 19 poisoned darts (quivered)
 K - 2 throwing nets
Armour
 g - a +0 cloak (worn)
 u - a +0 pair of boots (worn)
 C - a +2 buckler of cold resistance (worn)
 D - a +0 chain mail of cold resistance (worn)
 L - a +0 kite shield
Jewellery
 I - an amulet of guardian spirit (around neck)
Wands
 e - a wand of iceblast (11)
 B - a wand of flame (21)
 M - a wand of paralysis (7)
 P - a wand of polymorph (4)
Scrolls
 b - a scroll of fog {unknown}
 c - a scroll of enchant weapon {unknown}
 f - 2 scrolls of teleportation
 m - 2 scrolls of torment
 o - a scroll of vulnerability {unknown}
 p - a scroll of fear {unknown}
 r - a scroll of magic mapping
 t - a scroll of summoning
 w - a scroll of noise
 x - a scroll of enchant armour
 y - a scroll of blinking {unknown}
 E - a scroll of immolation {unknown}
 F - a scroll of silence {unknown}
 G - a scroll of poison
 J - a scroll of brand weapon {unknown}
 Q - a scroll of amnesia {unknown}
Potions
 d - 2 potions of might
 j - a potion of heal wounds
 k - a potion of curing
 l - a potion of brilliance
 n - a potion of mutation
 s - a potion of cancellation
 v - 2 potions of lignification
 z - a potion of berserk rage
 A - a potion of flight
 H - a potion of ambrosia
 N - a potion of attraction {unknown}
 O - a potion of degeneration {unknown}


   Skills:
 + Level 4.7 Fighting
 - Level 14.1 Axes
 + Level 4.3 Armour
 + Level 1.8 Dodging
 + Level 4.3 Shields
 + Level 9.5 Invocations


You had 9 spell levels left.
You didn't know any spells.
Your spell library contained the following spells:

 Spells                   Type           Power      Damage    Failure   Level
 Freeze                   Ice            0%         1d3       99%         1
 Frozen Ramparts          Ice            0%         1d2       100%        3
 Hailstorm                Conj/Ice       0%         3d3       100%        4


Dungeon Overview and Level Annotations

Branches:
Dungeon (8/15)             Temple (1/1) D:4
   Lair: D:8-11

Altars:
Ashenzari
Cheibriados
Dithmenos
Elyvilon
Fedhas
Gozag
Hepliaklqana
Kikubaaqudgha
Makhleb
Nemelex Xobeh
Okawaru
Qazlal
Ru
Sif Muna
Trog
Wu Jian
Xom
Yredelemnul
Zin
The Shining One

Shops:
D:6 !

Annotations:
D:3 1 runed translucent door, Sabo's ghost, weakling TrWr


Message History

You slash the slime creature!
The slime creature is moderately wounded.
You slash the slime creature! You slash the large slime creature!
You hit the slime creature.
The slime creature hits you but does no damage.
Two slime creatures merge to form a large slime creature.
The slime creature hits you.
You block the large slime creature's attack.
You slash the slime creature!
The slime creature is heavily wounded.
You slash the large slime creature! You hit the large slime creature.
You slash the slime creature! The slime creature closely misses you.
You block the slime creature's attack.
You block the large slime creature's attack.
The large slime creature barely misses you.
You hit the slime creature.
The slime creature is severely wounded.
You slash the slime creature!
You barely miss the large slime creature.
You hit the large slime creature. The slime creature barely misses you.
The large slime creature hits you!!
A large slime creature splits.
The slime creature hits you but does no damage.
You slash the slime creature!
The slime creature is severely wounded.
You slash the slime creature! You hit the slime creature.
You slash the large slime creature! You slash the slime creature!
The slime creature hits you but does no damage.
The large slime creature hits you but does no damage.
The slime creature hits you. The slime creature hits you!
* * * LOW HITPOINT WARNING * * *
Unknown command.
Okay, then.
As you read the scroll of teleportation, it crumbles to dust.
You feel strangely unstable. The slime creature hits you!
* * * LOW HITPOINT WARNING * * *
The slime creature hits you.
* * * LOW HITPOINT WARNING * * *
The large slime creature hits you!
You die...
Your body disappears without a glow.

### #.# #.# ### #.#####
#.. #######.....# #.#
#...........# #.#
#..J@J#.....###.#
#....JJJ........#.#
.........#.....#.#.####
.........#.##.........#
#.....#............##.#
.$.........##....#.##.#
.....#.#.#.##.##.#.##.#
..... . ..$...........#
....).......#


You could see a large slime creature and 4 slime creatures.

Vanquished Creatures
  Pikel (D:4)
  A wyvern (D:7)
  Menkaure (D:6)
  Duvessa (D:7)
  2 water moccasins
  An orc warrior (D:7)
  4 black bears
  An ice beast (D:6)
  An ogre (D:6)
  A centaur (D:5)
  3 lemures (D:4)
  A kobold brigand (D:6)
  2 bullfrogs
  3 scorpions
  A gnoll sergeant (D:5)
  7 wights
  Dowan (D:7)
  5 killer bees (D:7)
  A jelly (D:7)
  6 hounds
  An orc priest (D:6)
  4 iguanas
  3 orc wizards
  Robin (D:3)
  9 gnolls
  4 adders
  2 shadow imps
  5 white imps
  A worm (D:5)
  2 dart slugs
  17 orcs
  7 bats
  4 endoplasms
  4 giant cockroaches
  15 goblins
  11 hobgoblins
  3 jackals (D:1)
  3 quokkas
  6 ball pythons
  5 frilled lizards
  18 kobolds
  5 rats
174 creatures vanquished.

Vanquished Creatures (others)
  2 plants (D:6)
2 creatures vanquished.

Grand Total: 176 creatures vanquished

Notes
Turn   | Place    | Note
-------+----------+-------------------------------------------
     0 | D:1      | Pelinal the Hill Orc Fighter began the quest for the Orb.
     0 | D:1      | Reached XP level 1. HP: 19/19 MP: 1/1
    74 | D:1      | Reached skill level 3 in Axes
   297 | D:1      | Reached XP level 2. HP: 25/27 MP: 2/2
   381 | D:1      | Reached skill level 4 in Axes
   415 | D:1      | Found a faded altar of an unknown god.
   506 | D:1      | Reached XP level 3. HP: 30/33 MP: 3/3
  1050 | D:2      | Reached skill level 5 in Axes
  1205 | D:2      | Found a shadowy altar of Dithmenos.
  1485 | D:3      | Reached XP level 4. HP: 39/40 MP: 4/4
  1503 | D:3      | Reached skill level 6 in Axes
  1504 | D:3      | Noticed Robin
  1560 | D:3      | Killed Robin
  1561 | D:3      | Reached XP level 5. HP: 37/46 MP: 5/5
  1725 | D:3      | Found a runed translucent door.
  1733 | D:3      | Noticed Sabo's ghost (weakling TrWr)
  1842 | D:3      | Identified the +9 long sword "Leviticus" {elec, Dex+3}
  1912 | D:3      | Found a sparkling altar of Nemelex Xobeh.
  1989 | D:3      | Became a worshipper of Nemelex Xobeh the Trickster
  2299 | D:4      | Noticed a lemure
  2299 | D:4      | Noticed a lemure
  2299 | D:4      | Noticed Pikel
  2312 | D:4      | Reached skill level 7 in Axes
  2312 | D:4      | Reached skill level 1 in Invocations
  2329 | D:4      | Killed a lemure
  2585 | D:4      | Noticed a black bear
  2591 | D:4      | Killed a black bear
  2592 | D:4      | Reached XP level 6. HP: 41/52 MP: 5/7
  2723 | D:4      | Killed Pikel
  2724 | D:4      | Reached skill level 9 in Axes
  2724 | D:4      | Reached XP level 7. HP: 30/58 MP: 7/10
  2932 | D:4      | Reached * piety under Nemelex Xobeh
  3387 | D:4      | Reached skill level 10 in Axes
  3387 | D:4      | Reached skill level 5 in Invocations
  3577 | D:4      | Received a gift from Nemelex Xobeh
  3588 | D:4      | Found a staircase to the Ecumenical Temple.
  3898 | Temple   | Entered the Ecumenical Temple
  4232 | D:5      | Entered Level 5 of the Dungeon
  4370 | D:5      | Reached XP level 8. HP: 57/66 MP: 10/12
  4397 | D:5      | Reached skill level 11 in Axes
  5341 | D:5      | You fall into a shaft and drop 2 floors!
  5598 | D:5      | Reached skill level 12 in Axes
  5714 | D:5      | Found a broken altar of Ashenzari.
  5837 | D:6      | Reached XP level 9. HP: 40/71 MP: 14/14
  6013 | D:6      | Reached ** piety under Nemelex Xobeh
  6714 | D:6      | Found Huonik's Distillery.
  6726 | D:6      | Bought a potion of ambrosia for 80 gold pieces
  6771 | D:6      | Reached skill level 13 in Axes
  7507 | D:6      | Noticed Menkaure
  7518 | D:6      | Killed Menkaure
  8009 | D:7      | Reached skill level 14 in Axes
  8135 | D:7      | Received a gift from Nemelex Xobeh
  8149 | D:7      | Noticed Dowan
  8183 | D:7      | Noticed Duvessa
  8211 | D:7      | Reached skill level 1 in Dodging
  8217 | D:7      | Killed Duvessa
  8222 | D:7      | Killed Dowan
  8538 | D:7      | Reached XP level 10. HP: 80/80 MP: 15/17
  8910 | D:8      | HP: 3/80 [slime creature (2)]
  8910 | D:8      | Slain by a large slime creature

Illustrated notes

Levels and vault maps discovered:
D:1:      dpeg_arrival_shelter, layout_loops_cross, basic_ecumenical_altar,
          chequers_decorated_corner
D:2:      layout_basic, basic_altar
D:3:      layout_rooms, nemelex_altar_shiori, ebering_ghost_reflecting_pool,
          uniq_robin
D:4:      layout_layer_cave, minmay_temple_entry_poolview, serial_rivers,
          chequers_serial_rivers_small_b, chequers_serial_rivers_marsh,
          chequers_serial_rivers_room_a, chequers_serial_rivers_large_a,
          eino_tiny_chamber, uniq_pikel
D:5:      layout_basic, nicolae_overflow_hidden_temple,
          chequers_serial_rivers_small_b, minmay_manual_monstrance
D:6:      layout_loops_ring, serial_shops, shop, lexackson_kobold_supper,
          uniq_menkaure
D:7:      layout_rooms, nicolae_wand_duel, uniq_duvessa
D:8:      nicolae_BIG_FREAKIN_CUBE, layout_basic, nicolae_vehumet_radiance,
          grunt_ministairs_8, corexii_hall_statues_s
Temple:   dpeg_five_rooms_temple

Skill      XL: |  1  2  3  4  5  6  7  8  9 |
---------------+----------------------------+-----
Axes           | 3 4 5 6 7 9 10 12 14 | 14.1
Invocations    | 2 4 5 7 9 |  9.5
Fighting       | 4 |  4.7
Dodging        | 1 |  1.8
Armour         | 4 |  4.3
Shields        | 4 |  4.3

Action                   |  1- 3 |  4- 6 |  7- 9 | 10-12 || total
-------------------------+-------+-------+-------+-------++-------
Melee: War axe           |   126 |    40 |    66 |    26 ||   258
       Hand axe          |       |    93 |   337 |       ||   430
Throw: Dart              |       |     2 |       |       ||     2
Invok: Draw Destruction  |       |       |     6 |       ||     6
       Draw Summoning    |       |       |     1 |       ||     1
Evoke: Wand              |       |       |     2 |       ||     2
  Use: Potion            |       |     1 |     4 |       ||     5
       Scroll            |       |     4 |    12 |     1 ||    17
Armor: Scale mail        |    85 |    48 |   115 |     2 ||   250
       Chain mail        |       |       |       |    14 ||    14
Dodge: Dodged            |    78 |    48 |   133 |     8 ||   267
Block: Buckler           |    32 |    26 |    87 |    11 ||   156

Table legend: (Time is in decaauts)
 A = Elapsed time spent in this place.
 B = Non-inter-level travel time spent in this place.
 C = Inter-level travel time spent in this place.
 D = Time resting spent in this place.
 E = Time spent auto-exploring this place.
 F = Levels seen in this place.
 G = Mean time per level.
                   A        B        C        D        E       F      G
               +--------+--------+--------+--------+--------+-----+--------+
         Total |   8877 |   8323 |    554 |   1364 |   5534 |   9 |  986.3 |
       Dungeon |   8587 |   8064 |    523 |   1364 |   5286 |   8 | 1073.4 |
        Temple |    289 |    258 |     31 |      0 |    248 |   1 |  289.0 |
               +--------+--------+--------+--------+--------+-----+--------+

Top non-repeatable levels by time:
     D:4: 1881 daAuts
     D:6: 1854 daAuts
     D:5: 1449 daAuts
     D:7: 1139 daAuts
     D:1: 893 daAuts
     D:3: 676 daAuts
     D:2: 623 daAuts
  Temple: 289 daAuts
     D:8: 69 daAuts
